[Event "fics rated crazyhouse match"]
[Site "fics, Oklahoma City, OK USA"]
[Date "2000.02.06"]
[White "Burgsvik"]
[WhiteElo "2006"]
[Black "LSS"]
[BlackElo "2416"]
[TimeControl "180+0"]
[Result "0-1"]

1. e4 e6 2. d4 d5 3. e5 Ne7 4. Bg5 h6 5. Bxe7 Qxe7 6. Bd3 
Qb4+ 7. Nd2 Qxb2 8. Ngf3 P@e4 9. Bxe4 dxe4 10. Nxe4 B@a5+ 11. Kf1 B@d8 
12. P@f6 gxf6 13. exf6 Rh7 14. P@g7 Bxg7 15. N@d6+ cxd6 16. Nxd6+ Kd7 17. Nc4 
Qb4 18. Nfe5+ Ke8 19. P@c3 Qf8 20. fxg7 Rxg7 21. B@d6 P@e7 22. Bxb8 Rxb8 
23. P@f6 P@h3 24. fxg7 hxg2+ 25. Ke2 N@f4+ 26. Kd2 Qxg7 27. N@d6+ exd6 28. Nxd6+ 
Ke7 29. Nxc8+ Rxc8 30. B@d6+ Kf6 31. R@f3 Bxc3+ 32. Kc1 P@b2+ 33. Kb1 bxa1=R# 
{Burgsvik checkmated} 0-1

[Event "fics rated crazyhouse match"]
[Site "fics, Oklahoma City, OK USA"]
[Date "2000.02.06"]
[White "MrCool"]
[WhiteElo "2278"]
[Black "pminear"]
[BlackElo "2415"]
[TimeControl "180+0"]
[Result "1-0"]

1. Nf3 d5 2. d4 Nf6 3. e3 Nc6 4. Bd3 Bg4 5. h3 Bxf3 6. Qxf3 
e5 7. dxe5 Nxe5 8. Qe2 P@e4 9. Bb5+ c6 10. Ba4 Bb4+ 11. Bd2 Bxd2+ 
12. Nxd2 B@h5 13. P@g4 Nfxg4 14. hxg4 Bxg4 15. f3 N@g3 16. B@h4 Nxe2 17. Bxd8 
P@f2+ 18. Kxf2 P@g3+ 19. Kxe2 exf3+ 20. gxf3 Q@f2+ 21. Kd1 P@e2+ 22. Kc1 e1=Q+ 
23. Rxe1 Qxe1+ 24. B@d1 Rxd8 25. N@c7+ Kd7 26. Nxd5 B@d6 27. fxg4 Qxd2+ 28. Kxd2 
N@e4+ 29. Kc1 Rhe8 30. B@f5+ R@e6 31. Bxe4 Nxg4 32. Q@d3 Rxe4 33. N@c5+ Kc8 
34. Q@a8+ B@b8 35. Qxb7# 
{pminear checkmated} 1-0

[Event "fics rated crazyhouse match"]
[Site "fics, Oklahoma City, OK USA"]
[Date "2000.02.06"]
[White "pminear"]
[WhiteElo "2404"]
[Black "MrCool"]
[BlackElo "2307"]
[TimeControl "180+0"]
[Result "1-0"]

1. e4 e6 2. Nc3 Nf6 3. e5 Nd5 4. Nxd5 exd5 5. Nf3 d6 6. d4 
Nc6 7. Bb5 Bg4 8. N@b4 Bd7 9. Nxd5 dxe5 10. dxe5 P@e4 11. Bg5 N@e7 
12. Bxc6 bxc6 13. N@f6# 
{MrCool resigns} 1-0

[Event "fics rated crazyhouse match"]
[Site "fics, Oklahoma City, OK USA"]
[Date "2000.02.06"]
[White "MrCool"]
[WhiteElo "2292"]
[Black "pminear"]
[BlackElo "2410"]
[TimeControl "180+0"]
[Result "0-1"]

1. Nf3 d5 2. d4 Nf6 3. e3 e6 4. Bd3 Nc6 5. O-O Bd7 6. Nc3 
Bb4 7. Ne5 Bxc3 8. bxc3 N@e4 9. f3 Nxc3 10. Qd2 Na4 11. Nxd7 Nxd7 
12. B@b5 P@b2 13. Bxb2 Nxb2 14. Bxc6 bxc6 15. B@a3 Nxd3 16. cxd3 B@e7 17. Bxe7 
Qxe7 18. N@h5 Rg8 19. B@b7 Rd8 20. Bxc6 B@g6 21. Nf4 B@h6 22. N@e5 N@f6 
23. Rab1 B@g5 24. P@b7 Bxf4 25. exf4 Bxf4 26. P@e3 P@c3 27. Qf2 Bxe5 28. dxe5 
N@d2 29. b8=Q Nxb1 30. Qxd8+ Qxd8 31. Rxb1 Bxd3 32. R@b8 N@c8 33. B@a4 P@e2 
34. Bxd7+ Nxd7 35. B@b5 Bxb5 36. Bxb5 R@d1+ 37. Rxd1 exd1=Q+ 38. B@f1 B@e1 39. Qxe1 
Qxe1 40. B@f2 Qxf2+ 41. Kxf2 B@e1+ 42. Ke2 Q@d2# 
{MrCool checkmated} 0-1

[Event "fics rated crazyhouse match"]
[Site "fics, Oklahoma City, OK USA"]
[Date "2000.02.06"]
[White "MrCool"]
[WhiteElo "2304"]
[Black "pminear"]
[BlackElo "2404"]
[TimeControl "180+0"]
[Result "0-1"]

1. Nf3 d5 2. d4 Nf6 3. e3 Bg4 4. Be2 Nc6 5. O-O e6 6. Nc3 
Bb4 7. Bd2 Bxc3 8. Bxc3 Ne4 9. Nd2 Nxc3 10. bxc3 Bxe2 11. Qxe2 B@g6 
12. B@d3 B@h5 13. f3 f5 14. N@f4 O-O 15. Nxe6 Qe7 16. Nf4 Rae8 17. Nxd5 
Qd6 18. c4 Kh8 19. B@g3 Nxd4 20. Bxd6 Nxe2+ 21. Bxe2 cxd6 22. N@f4 B@h4 
23. P@g3 Bg5 24. Rab1 P@e5 25. P@d7 Rd8 26. Rxb7 exf4 27. exf4 N@d4 28. Bd3 
N@e2+ 29. Kh1 Bf7 30. P@c7 Bxd5 31. cxd8=Q Q@g1# 
{MrCool resigns} 0-1

[Event "fics rated crazyhouse match"]
[Site "fics, Oklahoma City, OK USA"]
[Date "2000.02.06"]
[White "pminear"]
[WhiteElo "2410"]
[Black "MrCool"]
[BlackElo "2291"]
[TimeControl "180+0"]
[Result "1-0"]

1. e4 e6 2. Nc3 Nf6 3. e5 Nd5 4. Nxd5 exd5 5. Nf3 Nc6 6. d4 
d6 7. Bb5 Bd7 8. Qe2 Qe7 9. Bg5 f6 10. exf6 gxf6 11. Bxf6 Qxe2+ 
12. Bxe2 P@g7 13. P@f7+ Kxf7 14. Ng5+ Kxf6 15. Q@f7+ Kxg5 16. h4# 
{MrCool resigns} 1-0

[Event "fics rated crazyhouse match"]
[Site "fics, Oklahoma City, OK USA"]
[Date "2000.02.06"]
[White "MrCool"]
[WhiteElo "2280"]
[Black "pminear"]
[BlackElo "2415"]
[TimeControl "180+0"]
[Result "1-0"]

1. e4 e5 2. Nf3 Nc6 3. Bc4 Bc5 4. Bxf7+ Kxf7 5. P@d5 B@d4 6. O-O 
Bxf2+ 7. Rxf2 Bxf2+ 8. Kxf2 Nh6 9. Kg1 P@g4 10. Ne1 Nd4 11. Nc3 Qf6 
12. B@f2 R@h1+ 13. Kxh1 Qxf2 14. B@e3 Qf1+ 15. R@g1 Qf6 16. d3 B@f4 17. Rf1 
Rf8 18. Bxd4 exd4 19. Bxf4 dxc3 20. B@e5 Kg8 21. Bxf6 Rxf6 22. N@e7+ Kf7 
23. e5 Kxe7 24. exf6+ gxf6 25. Qe2+ P@e6 26. Bxh6 N@h5 27. N@f5+ Kf7 28. Q@f8+ 
Kg6 29. Ne7# 
{pminear checkmated} 1-0

[Event "fics rated crazyhouse match"]
[Site "fics, Oklahoma City, OK USA"]
[Date "2000.02.06"]
[White "pminear"]
[WhiteElo "2404"]
[Black "MrCool"]
[BlackElo "2302"]
[TimeControl "180+0"]
[Result "1-0"]

1. e4 e6 2. Nc3 Nf6 3. e5 Nd5 4. Nxd5 exd5 5. Nf3 c5 6. d4 
cxd4 7. Nxd4 d6 8. exd6 Bxd6 9. Nb5 P@c7 10. Qe2+ P@e4 11. P@h6 Rg8 
12. hxg7 Nc6 13. P@g5 N@d4 14. Nxd4 Nxd4 15. N@f6+ Qxf6 16. gxf6 Nxe2 17. Bxe2 
N@d4 18. Q@a4+ N@c6 19. N@h6 Q@b4+ 20. Qxb4 Bxb4+ 21. P@c3 Nxc2+ 22. Kd1 Nxa1 
23. N@e3 P@d3 24. Bh5 Be6 25. Nxf7 Bxf7 26. Bxf7+ Kxf7 27. P@e6+ Kxe6 28. B@f5+ 
Kxf6 29. Nxd5+ Ke5 30. Q@e6# 
{MrCool checkmated} 1-0

[Event "fics rated crazyhouse match"]
[Site "fics, Oklahoma City, OK USA"]
[Date "2000.02.06"]
[White "MrCool"]
[WhiteElo "2291"]
[Black "pminear"]
[BlackElo "2410"]
[TimeControl "180+0"]
[Result "0-1"]

1. Nf3 d5 2. e3 Bg4 3. Be2 Nc6 4. d4 Nf6 5. Ne5 Bxe2 6. Qxe2 
Nxe5 7. dxe5 Ne4 8. e6 fxe6 9. B@f7+ Kxf7 10. N@e5+ Ke8 11. Qg4 Qd6 
12. Qh5+ P@g6 13. Nxg6 B@f7 14. Nxh8 Bxh5 15. P@f7+ Kd7 16. Nc3 Nxc3 17. R@d2 
Ne4 18. f3 Nxd2 19. Bxd2 B@b5 20. N@d3 Bxd3 21. cxd3 N@c2+ 22. Kd1 Nxa1 
23. B@a4+ c6 24. Ke2 N@f4+ 25. exf4 N@d4+ 26. Kd1 R@b1+ 27. N@c1 Q@e2# 
{MrCool checkmated} 0-1

[Event "fics rated crazyhouse match"]
[Site "fics, Oklahoma City, OK USA"]
[Date "2000.02.06"]
[White "pminear"]
[WhiteElo "2415"]
[Black "MrCool"]
[BlackElo "2281"]
[TimeControl "180+0"]
[Result "1-0"]

1. e4 e6 2. Nc3 d6 3. d4 Nf6 4. Nf3 Nc6 5. d5 exd5 6. exd5 
Qe7+ 7. Be2 Nb4 8. O-O P@h3 9. gxh3 Bxh3 10. Re1 P@e4 11. Ng5 Qe5 
12. Nxh3 Nbxd5 13. P@f4 Qf5 14. B@g4 Nxg4 15. Bxg4 Qxg4+ 16. Qxg4 Nf6 17. Nxe4 
B@e6 18. Nxf6+ gxf6 19. Rxe6+ fxe6 20. Qxe6+ R@e7 21. Q@d7# 
{MrCool checkmated} 1-0

[Event "fics rated crazyhouse match"]
[Site "fics, Oklahoma City, OK USA"]
[Date "2000.02.06"]
[White "MrCool"]
[WhiteElo "2272"]
[Black "pminear"]
[BlackElo "2420"]
[TimeControl "180+0"]
[Result "1-0"]

1. Nf3 d5 2. d4 Nf6 3. e3 Nc6 4. Bd3 Bg4 5. Nbd2 Bxf3 6. Nxf3 
N@e4 7. O-O e6 8. B@b5 Bd6 9. Bd2 O-O 10. Bxc6 bxc6 11. Ne5 Bxe5 
12. dxe5 Nd7 13. B@g3 Nxg3 14. fxg3 Nxe5 15. Bxh7+ Kxh7 16. Qh5+ B@h6 17. Qxe5 
N@g6 18. Qh5 B@e4 19. P@f3 Bxc2 20. N@g4 B@f6 21. Nxf6+ gxf6 22. N@g4 P@g7 
23. B@f4 Nxf4 24. exf4 Bg6 25. Qh3 B@f5 26. N@h4 P@h5 27. Nxf5 exf5 28. Nxh6 
gxh6 29. N@h4 N@d6 30. B@d3 N@g7 31. B@c2 Qd7 32. Nxg6 fxg6 33. g4 hxg4 
34. fxg4 P@e4 35. gxf5 Ngxf5 36. P@h5 exd3 37. hxg6+ Kxg6 38. Bxd3 P@e4 39. B@h5+ 
Kg7 40. Qg4+ P@g5 41. fxg5 hxg5 42. Bxg5 fxg5 43. Qxg5+ Kh8 44. P@g7+ Nxg7 
45. P@h7 B@d4+ 46. P@e3 
{pminear forfeits on time} 1-0

[Event "fics rated crazyhouse match"]
[Site "fics, Oklahoma City, OK USA"]
[Date "2000.02.06"]
[White "pminear"]
[WhiteElo "2409"]
[Black "MrCool"]
[BlackElo "2291"]
[TimeControl "180+0"]
[Result "1-0"]

1. e4 e6 2. Nc3 Nf6 3. e5 Nd5 4. Nxd5 exd5 5. Nf3 d6 6. d4 
Nc6 7. Bb5 Bd7 8. Qe2 Qe7 9. Bg5 Qe6 10. N@f4 Qf5 11. Nxd5 Rc8 
12. exd6+ N@e4 13. Nxc7+ Rxc7 14. dxc7 Bb4+ 15. P@c3 O-O 16. cxb4 Nxg5 17. Bxc6 
Nxf3+ 18. Bxf3 B@g5 19. P@e3 N@e4 20. B@d3 Bc6 21. N@e5 N@d6 22. R@b8 Nc8 
23. Nxc6 bxc6 24. Bfxe4 Qf6 25. N@d7 Qe7 26. Nxf8 Qxf8 27. Bxh7+ Kh8 28. R@g8+ 
Qxg8 29. Bxg8 N@f6 30. Rxc8 N@e7 31. Bxf7+ Nxc8 32. N@g6+ Kh7 33. Q@h8# 
{MrCool checkmated} 1-0

[Event "fics rated crazyhouse match"]
[Site "fics, Oklahoma City, OK USA"]
[Date "2000.02.06"]
[White "Gobi"]
[WhiteElo "2358"]
[Black "jtp"]
[BlackElo "2375"]
[TimeControl "180+0"]
[Result "1-0"]

1. e4 Nf6 2. e5 Ne4 3. Nc3 Nxf2 4. Kxf2 Nc6 5. d4 d6 6. exd6 
cxd6 7. Bb5 a6 8. Bxc6+ bxc6 9. Nf3 B@h5 10. Rf1 e6 11. Kg1 Be7 
12. Bf4 Rb8 13. P@c5 P@c7 14. N@a5 Bd7 15. N@b7 Rxb7 16. Nxb7 Qb8 17. cxd6 
cxd6 18. Nxd6+ Bxd6 19. Bxd6 Qxd6 20. B@c5 Qc7 21. P@b6 Qb7 22. R@e7+ Kd8 
23. P@c7+ Kc8 24. Ne4 N@f5 25. Rxd7 B@f4 26. B@g5 Bxh2+ 27. Nxh2 Kxd7 28. Qxh5 
N@g3 29. Nxg3 Nxg3 30. N@e5# 
{jtp resigns} 1-0

[Event "fics rated crazyhouse match"]
[Site "fics, Oklahoma City, OK USA"]
[Date "2000.02.06"]
[White "jtp"]
[WhiteElo "2367"]
[Black "Gobi"]
[BlackElo "2366"]
[TimeControl "180+0"]
[Result "1-0"]

1. e4 e5 2. Nf3 Nc6 3. Bc4 Bc5 4. c3 Nf6 5. d4 exd4 6. cxd4 
Bxd4 7. O-O P@e5 8. Bg5 d6 9. Nc3 Bg4 10. Nd5 P@e7 11. Nxd4 Bxd1 
12. Nxc6 bxc6 13. Bxf6 cxd5 14. Bb5+ N@d7 15. Bxg7 Rg8 16. Raxd1 Rxg7 17. B@h3 
B@e6 18. P@f5 N@f4 19. B@g4 dxe4 20. fxe6 fxe6 21. B@h6 Rg6 22. Bxf4 exf4 
23. Bxe6 P@g3 24. Bbxd7+ Kf8 25. fxg3 B@e3+ 26. P@f2 P@e2 27. fxe3 exd1=Q 28. Rxd1 
fxe3 29. P@g7+ Kxg7 30. B@d4+ Kf8 31. Bxe3 
{Gobi forfeits on time} 1-0

[Event "fics rated crazyhouse match"]
[Site "fics, Oklahoma City, OK USA"]
[Date "2000.02.06"]
[White "Gobi"]
[WhiteElo "2358"]
[Black "jtp"]
[BlackElo "2375"]
[TimeControl "180+0"]
[Result "1-0"]

1. e4 Nc6 2. d4 d5 3. e5 Nh6 4. Nc3 a6 5. Nf3 Bg4 6. Be2 
Rg8 7. h3 Bxf3 8. Bxf3 Nf5 9. Bxd5 Nfxd4 10. Qxd4 Nxd4 11. Bxf7+ Kxf7 
12. N@g5+ Kg6 13. B@f7+ Kf5 14. O-O N@e2+ 15. Nxe2 Nxe2+ 16. Kh2 P@f4 17. Bxg8 
Kxe5 18. N@c4+ Kd4 19. c3+ Kc5 20. b4+ Kc6 21. R@c5+ Kd7 22. Be6+ Ke8 
23. P@f7# 
{jtp checkmated} 1-0

[Event "fics rated crazyhouse match"]
[Site "fics, Oklahoma City, OK USA"]
[Date "2000.02.06"]
[White "jtp"]
[WhiteElo "2367"]
[Black "Gobi"]
[BlackElo "2366"]
[TimeControl "180+0"]
[Result "0-1"]

1. e4 e5 2. Nf3 Nc6 3. Bc4 Bc5 4. c3 Nf6 5. d4 exd4 6. O-O 
P@e5 7. cxd4 Bxd4 8. P@d5 P@g4 9. dxc6 gxf3 10. cxd7+ Bxd7 11. Qxf3 N@d6 
12. Nd2 Bg4 13. Qb3 O-O 14. Bxf7+ Rxf7 15. P@e6 Bxe6 16. Qxe6 B@g4 17. Qb3 
P@e2 18. P@e6 exf1=Q+ 19. Nxf1 Bxf2+ 20. Kxf2 Nfxe4+ 21. Ke1 R@e2+ 22. Kd1 Nf2# 
{jtp checkmated} 0-1

[Event "fics rated crazyhouse match"]
[Site "fics, Oklahoma City, OK USA"]
[Date "2000.02.06"]
[White "Gobi"]
[WhiteElo "2374"]
[Black "jtp"]
[BlackElo "2359"]
[TimeControl "180+0"]
[Result "1-0"]

1. e4 Nc6 2. d4 d5 3. e5 Nh6 4. Nc3 Rg8 5. Bd3 Nf5 6. Nf3 
g6 7. Ne2 Bg7 8. c3 f6 9. exf6 exf6 10. Bc2 P@e4 11. Nf4 Qd6 
12. Qe2 Kf7 13. Nxd5 exf3 14. Qxf3 Re8+ 15. Be3 Ncxd4 16. cxd4 Nxd4 17. N@g5+ 
Kf8 18. Nxh7+ Kg8 19. Nhxf6+ Bxf6 20. Nxf6+ Qxf6 21. P@f7+ Qxf7 22. Qxf7+ Kxf7 
23. Bxg6+ Kxg6 24. P@h5+ Kf6 25. B@g5+ Ke6 26. Q@f6+ Kd7 27. Qxd4+ Q@d6 28. N@f6+ 
Kc6 29. Qxd6+ cxd6 30. P@d5+ Kc7 31. Nxe8# 
{jtp forfeits on time} 1-0

[Event "fics rated crazyhouse match"]
[Site "fics, Oklahoma City, OK USA"]
[Date "2000.02.06"]
[White "jtp"]
[WhiteElo "2351"]
[Black "Gobi"]
[BlackElo "2382"]
[TimeControl "180+0"]
[Result "1-0"]

1. e4 Nc6 2. Nf3 e5 3. Bc4 Bc5 4. c3 Nf6 5. d4 exd4 6. cxd4 
Bxd4 7. O-O P@e5 8. Nc3 d6 9. Nd5 Bg4 10. Bg5 P@e7 11. Bxf6 exf6 
12. h3 Bxf3 13. Qxf3 N@d2 14. Qg4 B@g6 15. P@e6 O-O 16. exf7+ Kh8 17. B@e3 
Nxc4 18. P@h6 Bxe3 19. hxg7+ Kxg7 20. N@e6+ Kxf7 21. Nxd8+ Raxd8 22. Q@e6+ Kg7 
23. fxe3 P@g3 24. B@h4 B@f2+ 25. Kh1 P@g5 26. P@e7 gxh4 27. exd8=Q Nxd8 28. Qe7+ 
Rf7 29. Qxd8 B@f8 30. N@f5+ Kh8 31. R@h6 
{Gobi forfeits on time} 1-0

[Event "fics rated crazyhouse match"]
[Site "fics, Oklahoma City, OK USA"]
[Date "2000.02.06"]
[White "Gobi"]
[WhiteElo "2373"]
[Black "jtp"]
[BlackElo "2360"]
[TimeControl "180+0"]
[Result "1-0"]

1. e4 Nc6 2. d4 d5 3. e5 Nh6 4. Nc3 Rg8 5. Bd3 g6 6. Nge2 
Bg4 7. Be3 Nf5 8. Qd2 Nxe3 9. fxe3 Bh6 10. O-O B@e6 11. Nf4 Bxf4 
12. Rxf4 N@h5 13. Rxg4 Bxg4 14. N@h6 Qd7 15. Nxg8 O-O-O 16. Nh6 f6 17. Nxg4 
Qxg4 18. B@f3 N@h3+ 19. Kh1 Qxf3 20. gxf3 B@e6 21. B@a6 bxa6 22. Bxa6+ Kd7 
23. P@b5 Nb8 24. B@c6+ Nxc6 25. bxc6+ Ke8 26. N@d7 R@f2 27. R@f8# 
{jtp checkmated} 1-0

[Event "fics rated crazyhouse match"]
[Site "fics, Oklahoma City, OK USA"]
[Date "2000.02.06"]
[White "jtp"]
[WhiteElo "2352"]
[Black "Gobi"]
[BlackElo "2381"]
[TimeControl "180+0"]
[Result "0-1"]

1. e4 e5 2. Nf3 Nc6 3. Bc4 Bc5 4. O-O Nf6 5. c3 O-O 6. d4 
exd4 7. cxd4 Be7 8. e5 Ng4 9. Nc3 d6 10. exd6 cxd6 11. Nd5 P@e4 
12. Ne1 P@d3 13. Nxd3 exd3 14. Bxd3 Nxd4 15. P@h6 gxh6 16. P@f5 P@f3 17. gxf3 
N@h3+ 18. Kg2 Ngxf2 19. Rxf2 Nxf2 20. Kxf2 Bxf5 21. Bxh6 P@h3 22. N@f4 P@g5 
23. P@g7 Re8 24. P@f6 Bxf6 25. Bxf5 Nxf5 26. Nxf6+ Qxf6 27. Bxg5 Qxg5 28. B@g4 
B@e3+ 29. Ke2 B@c4+ 30. Qd3 Bxd3+ 31. Kxd3 Q@d4+ 32. Kc2 Qd2+ 33. Kb3 R@b4+ 
34. Ka3 Qxb2# 
{jtp checkmated} 0-1

[Event "fics rated crazyhouse match"]
[Site "fics, Oklahoma City, OK USA"]
[Date "2000.02.06"]
[White "Gobi"]
[WhiteElo "2388"]
[Black "jtp"]
[BlackElo "2345"]
[TimeControl "180+0"]
[Result "1-0"]

1. e4 Nc6 2. d4 d5 3. exd5 Qxd5 4. Nc3 Qxd4 5. Be3 Qxd1+ 6. Rxd1 
P@d6 7. Nb5 Q@a5+ 8. Rd2 a6 9. Nc3 e6 10. Bc4 Nf6 11. Nf3 P@b4 
12. Ne2 Ne4 13. O-O d5 14. Bb3 Nxd2 15. Bxd2 e5 16. Re1 Bd6 17. Ng3 
R@e7 18. Bg5 f6 19. Bd2 Nd4 20. Nxd4 exd4 21. Rxe7+ Kxe7 22. N@f5+ Bxf5 
23. Nxf5+ Kd7 24. B@e6+ Kxe6 25. Nxd4+ Kd7 26. Q@e6+ Kd8 27. N@f7# 
{jtp checkmated} 1-0

[Event "fics rated crazyhouse match"]
[Site "fics, Oklahoma City, OK USA"]
[Date "2001.02.06"]
[White "tantheman"]
[WhiteElo "2373"]
[Black "AngelicK"]
[BlackElo "2409"]
[TimeControl "60+0"]
[Result "0-1"]

1. e3 e6 2. b3 Nc6 3. Bb2 Nf6 4. Nf3 d6 5. d4 Be7 6. Bd3 
O-O 7. O-O Nd5 8. Nbd2 f5 9. e4 fxe4 10. Nxe4 P@f5 11. Ng3 Ncb4 
12. P@e3 Nxd3 13. cxd3 B@g4 14. N@f4 Nxf4 15. exf4 N@h4 16. Nxh4 Bxd1 17. Nhxf5 
exf5 18. Raxd1 Q@c2 19. B@c4+ d5 20. Bxd5+ Qxd5 21. Rde1 N@h4 22. N@e3 Qxb2 
23. Nxd5 B@d6 24. P@g5 B@f3 25. gxf3 Nxf3+ 26. Kh1 P@h3 27. N@e3 Qxd4 28. P@h6 
P@g2+ 29. Nxg2 hxg2+ 30. Kxg2 Nxe1+ 31. Rxe1 Qxd5+ 32. P@e4 N@h4+ 33. Kf1 Qxd3+ 
34. B@e2 P@g2+ 35. Kg1 N@h3# 
{tantheman checkmated} 0-1

[Event "fics rated crazyhouse match"]
[Site "fics, Oklahoma City, OK USA"]
[Date "2001.02.06"]
[White "AngelicK"]
[WhiteElo "2416"]
[Black "tantheman"]
[BlackElo "2366"]
[TimeControl "60+0"]
[Result "1-0"]

1. d4 e6 2. Nf3 b6 3. Bf4 Bb7 4. e3 d6 5. c4 Nf6 6. Nc3 
Be7 7. Bd3 O-O 8. O-O Nbd7 9. d5 exd5 10. cxd5 Bxd5 11. Nxd5 Nxd5 
12. Bxh7+ Kxh7 13. B@e4+ P@g6 14. Bxd5 B@h6 15. Bxh6 gxh6 16. Bxf7 Rxf7 17. P@e6 
Rg7 18. exd7 Qxd7 19. N@f4 B@f5 20. B@d5 B@g4 21. Bxa8 P@h3 22. gxh3 Bxh3 
23. R@g3 P@g2 24. Re1 P@g4 25. Nd4 N@f3+ 26. Nxf3 gxf3 27. Bxf3 N@g5 28. N@d4 
Nxf3+ 29. Qxf3 B@g4 30. Qa8 g5 31. P@e6 Bxe6 32. Ndxe6 Bxe6 33. P@g6+ Rxg6 
34. Nxg6 Kxg6 35. B@c2+ P@f5 36. N@f4+ Kf6 37. R@g6+ Ke5 38. P@d4# 
{tantheman checkmated} 1-0

[Event "fics rated crazyhouse match"]
[Site "fics, Oklahoma City, OK USA"]
[Date "2001.02.06"]
[White "tantheman"]
[WhiteElo "2359"]
[Black "AngelicK"]
[BlackElo "2423"]
[TimeControl "60+0"]
[Result "0-1"]

1. e3 e6 2. b3 Nc6 3. Bb2 Nf6 4. Nf3 d5 5. d4 Be7 6. Bd3 
O-O 7. O-O Ne4 8. c4 Nb4 9. Bxe4 dxe4 10. Ne5 B@d3 11. Nc3 f6 
12. Nxd3 Nxd3 13. B@a3 Bxa3 14. Bxa3 N@h4 15. B@h3 B@e7 16. Bxe7 Qxe7 17. Nxe4 
B@f5 18. Qxd3 Bxh3 19. gxh3 B@f5 20. B@h1 Bxh3 21. B@f3 P@g2 22. Bhxg2 Nxg2 
23. Bxg2 Bxg2 24. Kxg2 f5 25. Ng3 B@e4+ 26. Nxe4 fxe4 27. Qxe4 B@f5 28. Qe5 
N@h4+ 29. Kh1 Bd7 30. Rg1 Bc6+ 31. d5 Bxd5+ 32. cxd5 P@g2+ 33. Rxg2 Nxg2 
34. Rg1 R@g6 35. P@h5 Rg5 36. P@h4 Rxh5 37. Rxg2 P@f6 38. Qf4 exd5 39. B@f3 
P@g4 40. Bxg4 Bxg4 41. Qxg4 B@g6 42. Qxh5 Bxh5 43. N@h6+ Kh8 44. R@g8+ Rxg8 
45. N@f7+ Bxf7 46. Nxf7+ Qxf7 47. B@f3 Q@f1+ 48. N@g1 N@e1 49. B@h3 Nxf3 
{tantheman forfeits on time} 0-1

[Event "fics rated crazyhouse match"]
[Site "fics, Oklahoma City, OK USA"]
[Date "2001.02.06"]
[White "AngelicK"]
[WhiteElo "2430"]
[Black "tantheman"]
[BlackElo "2352"]
[TimeControl "60+0"]
[Result "0-1"]

1. d4 e6 2. Nf3 d5 3. Bf4 Nf6 4. e3 Bd6 5. Bd3 Bxf4 6. exf4 
O-O 7. B@e5 Nbd7 8. O-O Ne4 9. Bxg7 Kxg7 10. Bxe4 dxe4 11. Ne5 B@g6 
12. P@h5 B@f3 13. gxf3 Bxh5 14. Nxd7 Bxd7 15. B@g5 f6 16. N@g3 Bxf3 17. N@h5+ 
Kg8 18. Bxf6 N@h3# 
{AngelicK checkmated} 0-1

[Event "fics rated crazyhouse match"]
[Site "fics, Oklahoma City, OK USA"]
[Date "2001.02.06"]
[White "tantheman"]
[WhiteElo "2362"]
[Black "AngelicK"]
[BlackElo "2420"]
[TimeControl "60+0"]
[Result "0-1"]

1. e3 e6 2. b3 Nc6 3. Bb2 Nf6 4. Nf3 d6 5. d4 Be7 6. Bd3 
O-O 7. O-O Nd5 8. c4 Ndb4 9. Nc3 f5 10. a3 Nxd3 11. Qxd3 d5 
12. N@g3 B@e4 13. Ncxe4 fxe4 14. Nxe4 dxe4 15. Qxe4 N@f6 16. Qc2 Nxd4 17. Bxd4 
P@e4 18. Ne5 N@h4 19. B@h3 Nxg2 20. Bxg2 P@f3 21. Nxf3 exf3 22. Bxf3 N@h4 
23. P@g2 Bd7 24. P@e2 Bc6 25. Bxc6 bxc6 26. B@f3 Nxf3+ 27. exf3 B@g6 28. P@e4 
c5 29. Bc3 B@h5 30. Rad1 Qe8 31. N@f4 Bxf3 32. gxf3 P@g4 33. fxg4 Bxe4 
34. Qxe4 Nxe4 35. B@g2 Nxc3 36. Nxe6 P@e2 37. Nxf8 exd1=Q 38. B@d5+ Nxd5 39. Bxd5+ 
Qxd5 40. cxd5 B@f3 41. P@g2 Bxg2 42. N@g3 Bxf1 43. P@g2 Bxg2 44. P@g6 R@h1+ 
45. Kxg2 R@g1+ 46. Kf3 Qxf8+ 47. Ke2 Q@c2+ 48. P@d2 B@d3# 
{tantheman checkmated} 0-1

[Event "fics rated crazyhouse match"]
[Site "fics, Oklahoma City, OK USA"]
[Date "2001.02.06"]
[White "BarryWhite"]
[WhiteElo "2384"]
[Black "tantheman"]
[BlackElo "2355"]
[TimeControl "120+0"]
[Result "1-0"]

1. e4 e6 2. d4 b6 3. Bd3 Bb7 4. Nc3 Nf6 5. f3 c5 6. Nge2 
cxd4 7. Nxd4 Bc5 8. P@e3 O-O 9. O-O P@e5 10. Nb3 d5 11. Nxc5 bxc5 
12. exd5 exd5 13. B@g5 h6 14. Bxf6 Qxf6 15. N@g4 Qe7 16. P@f6 gxf6 17. Nxh6+ 
Kh8 18. P@g7+ Kxg7 19. Nf5+ Kh8 20. Nxe7 B@h6 21. Q@h7# 
{tantheman checkmated} 1-0

[Event "fics rated crazyhouse match"]
[Site "fics, Oklahoma City, OK USA"]
[Date "2001.02.06"]
[White "tantheman"]
[WhiteElo "2348"]
[Black "BarryWhite"]
[BlackElo "2391"]
[TimeControl "120+0"]
[Result "0-1"]

1. e4 e6 2. Nc3 d5 3. exd5 exd5 4. Bb5+ c6 5. Qe2+ Be7 6. d4 
Nf6 7. Bf4 P@c7 8. Nf3 cxb5 9. Nxb5 Na6 10. P@d6 B@b4+ 11. P@c3 Bxd6 
12. Nxd6+ cxd6 13. B@b5+ P@c6 14. Bxa6 bxa6 15. Nh4 N@g6 16. N@f5 Nxf4 17. Nxg7+ 
Kf8 18. Qf3 B@h6 19. Ngf5 Bxf5 20. Nxf5 B@g4 21. P@g7+ Bxg7 22. Qxf4 Bxf5 
23. Qxf5 N@h4 24. Qg5 N@f3+ 25. gxf3 Nxf3+ 26. Kd1 P@e2+ 27. Kxe2 Nxg5 28. B@g2 
P@f3+ 29. Bxf3 Nxf3 30. B@g2 B@g4 31. Bxf3 Bxf3+ 32. Kxf3 Q@e4+ 33. Kg3 Qg4# 
{tantheman checkmated} 0-1

[Event "fics rated crazyhouse match"]
[Site "fics, Oklahoma City, OK USA"]
[Date "2001.02.06"]
[White "BarryWhite"]
[WhiteElo "2398"]
[Black "tantheman"]
[BlackElo "2341"]
[TimeControl "120+0"]
[Result "1-0"]

1. e4 e6 2. d4 b6 3. Bd3 Bb7 4. Nc3 Nf6 5. f3 Bb4 6. Ne2 
c5 7. O-O Bxc3 8. bxc3 cxd4 9. cxd4 O-O 10. B@h4 N@g6 11. Bxf6 gxf6 
12. N@h6+ Kh8 13. P@f5 Nh4 14. e5 B@g7 15. exf6 Qxf6 16. Ng4 Qe7 17. f6 
Bxf6 18. Nxf6 P@g7 19. B@g5 Nxf3+ 20. gxf3 gxf6 21. P@g7+ Kxg7 22. Bxf6+ Kxf6 
23. N@h5# 
{tantheman checkmated} 1-0

[Event "fics rated crazyhouse match"]
[Site "fics, Oklahoma City, OK USA"]
[Date "2001.02.06"]
[White "spurs"]
[WhiteElo "2306"]
[Black "Blechkiste"]
[BlackElo "2343"]
[TimeControl "60+0"]
[Result "1-0"]

1. d4 e6 2. Nf3 Nc6 3. Nc3 Nf6 4. Bg5 Bb4 5. e3 h6 6. Bxf6 
Qxf6 7. Bb5 Bxc3+ 8. bxc3 O-O 9. Bxc6 dxc6 10. B@e5 Qe7 11. Bxg7 Kxg7 
12. N@h5+ Kg6 13. Ne5+ Kh7 14. N@f6+ Qxf6 15. Nxf6+ Kg7 16. Nh5+ Kh8 17. Q@g7# 
{Blechkiste checkmated} 1-0

[Event "fics rated crazyhouse match"]
[Site "fics, Oklahoma City, OK USA"]
[Date "2001.02.06"]
[White "Blechkiste"]
[WhiteElo "2334"]
[Black "spurs"]
[BlackElo "2315"]
[TimeControl "60+0"]
[Result "0-1"]

1. e4 e6 2. d4 d5 3. exd5 exd5 4. Bb5+ Bd7 5. Qe2+ Qe7 6. Bxd7+ 
Nxd7 7. Bf4 Qxe2+ 8. Nxe2 Bb4+ 9. Nbc3 Ngf6 10. Bxc7 Bxc3+ 11. Nxc3 P@d2+ 
12. Kf1 B@e4 13. Nxe4 dxe4 14. P@d6 N@d5 15. B@e2 e3 16. Ba5 exf2 17. Bxd2 
N@e3+ 18. Bxe3 Nxe3+ 19. Kxf2 Nfg4+ 20. Bxg4 Nxg4+ 21. Kg3 B@f2+ 22. Kf4 Q@e3+ 
23. Kxg4 h5+ 24. Kf5 B@e6# 
{Blechkiste checkmated} 0-1

[Event "fics rated crazyhouse match"]
[Site "fics, Oklahoma City, OK USA"]
[Date "2001.02.06"]
[White "spurs"]
[WhiteElo "2323"]
[Black "BarryWhite"]
[BlackElo "2405"]
[TimeControl "120+0"]
[Result "0-1"]

1. d4 e6 2. Nf3 d5 3. Nc3 Nc6 4. Bg5 Nf6 5. Bxf6 gxf6 6. e3 
Rg8 7. Bb5 B@g4 8. Rg1 Bd7 9. e4 Bxf3 10. Qxf3 Nxd4 11. Bxd7+ Qxd7 
12. Qd3 N@b4 13. N@h5 Nxd3+ 14. cxd3 B@g5 15. B@e3 Bb4 16. Bxg5 Bxc3+ 17. bxc3 
Q@e2# 
{spurs checkmated} 0-1